 Dungeon Crawl Stone Soup version 0.28-a0-476-g0f06bd746f (webtiles) character file.

Game seed: 11401566600253539574

29262 spiderkeys the Envoy of Void (level 13, -7/83 HPs)
             Began as an Octopode Abyssal Knight on Sept 16, 2021.
             Was a High Priest of Lugonu.
             Mangled by a rust devil (8 damage)
             ... summoned by an orc sorcerer
             ... led by an orc knight
             ... while paralysed by an orc sorcerer
             ... on level 2 of the Orcish Mines on Sept 17, 2021.
             The game lasted 00:33:25 (21694 turns).

spiderkeys the Envoy of Void (OpAK)                Turns: 21694, Time: 00:33:25

Health: -7/83      AC: -3    Str: 15    XL:     13   Next: 44%
Magic:  21/21      EV:  2    Int: 20    God:    Lugonu [*****.]
Gold:   1798       SH:  0    Dex: 17    Spells: 12/12 levels left

rFire   . . .      SeeInvis .   d - +7 mace of Rekuizil {venom, rElec rN+ Dex-2}
rCold   + . .      Faith    .   s - +1 kite shield
rNeg    + . .      Spirit   .   (helmet restricted)
rPois   +          Reflect  .   A - amulet of the acrobat
rElec   +          Harm     .   E - +4 ring of evasion
rCorr   .          Rampage  .   L - ring of flight
Will    .....                   C - ring of protection from cold
Stlth   +++.......              D - +6 ring of dexterity
HPRegen 0.23/turn               P - ring of poison resistance
MPRegen 0.17/turn               i - +6 ring of intelligence
                                (no ring)
                                (no ring)

@: paralysed, corroded, flying
A: almost no armour, amphibious, 8 rings, camouflage 1, gelatinous body 1,
(nimble swimmer 1), tentacles, frail 1, subdued magic 1
a: Renounce Religion, Depart the Abyss, Bend Space, Banish, Corrupt, Enter the
Abyss


You were on level 2 of the Orcish Mines.
You worshipped Lugonu.
Lugonu was extremely pleased with you.
You visited 3 branches of the dungeon, and saw 18 of its levels.
You visited the Abyss 2 times.

You collected 1961 gold pieces.
You spent 163 gold pieces at shops.


Innate Abilities, Weirdness & Mutations

You cannot wear most types of armour.
You are amphibious.
You can wear up to eight rings at the same time.
Your skin changes colour to match your surroundings (Stealth+).
Your rubbery body absorbs attacks. (AC +1, EV +1)
((You are camouflaged near water. (Stealth+)))
You have tentacles for arms and can constrict up to eight enemies at once.
You are frail. (-10% HP)
Your spells are a little easier to cast, but a little less powerful.


   Skills:
 + Level 10.7 Fighting
 + Level 10.2 Maces & Flails
 - Level 2.0 Polearms
 + Level 10.5 Dodging
 + Level 9.8 Shields
 + Level 11.3 Invocations


You had 12 spell levels left.
You didn't know any spells.
Your spell library contained the following spells:

 Spells                   Type           Power      Damage    Failure   Level
 Freeze                   Ice            0%         1d3       32%         1
 Magic Dart               Conj           0%         1d3       32%         1
 Sandblast                Erth           0%         2d4       32%         1
 Shock                    Conj/Air       0%         1d3       32%         1
 Call Imp                 Summ           0%         N/A       45%         2
 Passwall                 Tmut/Erth      0%         N/A       45%         2
 Static Discharge         Conj/Air       0%         N/A       45%         2
 Frozen Ramparts          Ice            0%         1d2       69%         3
 Mephitic Cloud           Conj/Pois/Air  0%         N/A       69%         3
 Ozocubu's Armour         Ice            0%         N/A       69%         3
 Stone Arrow              Conj/Erth      0%         3d7       69%         3
 Swiftness                Air            0%         N/A       69%         3
 Airstrike                Air            0%         N/A       98%         4
 Hailstorm                Conj/Ice       0%         3d3       98%         4
 Lightning Bolt           Conj/Air       0%         1d11      100%        5
 Metabolic Englaciation   Hex/Ice        0%         N/A       100%        5
 Simulacrum               Ice/Necr       0%         N/A       100%        6
 Maxwell's Capacitive Co  Air            0%         ∞         100%        8

Inventory:

Hand Weapons
 d - the +7 mace of Rekuizil (weapon) {venom, rElec rN+ Dex-2}
   (You found it on level 2 of the Abyss)

   It poisons the flesh of those it strikes.
   Dex:       It affects your dexterity (-2).
   rElec:     It insulates you from electricity.
   rN:        It protects you from negative energy.
Missiles
 b - 90 sling bullets
 e - 167 arrows
 k - 423 stones
 n - 60 poisoned darts
 p - 2 curare-tipped darts {=f}
 B - a throwing net {=f!f}
 I - 124 bolts
 N - 12 boomerangs
Armour
 s - a +1 kite shield (worn)
   (You took it off a gnoll sergeant on level 4 of the Dungeon)
Jewellery
 c - a ring of ice
   (You found it on level 8 of the Dungeon)
 i - a +6 ring of intelligence (on tentacle)
   (You found it on level 2 of the Lair of Beasts)
 A - an amulet of the acrobat (around mantle)
   (You found it on level 6 of the Dungeon)
 C - a ring of protection from cold (on tentacle)
   (You found it on level 4 of the Dungeon)
 D - a +6 ring of dexterity (on tentacle)
   (You found it on level 4 of the Dungeon)
 E - a +4 ring of evasion (left tentacle)
   (You found it on level 2 of the Dungeon)
 L - a ring of flight (right tentacle)
   (You found it on level 3 of the Dungeon)
 P - a ring of poison resistance (on tentacle)
   (You found it on level 10 of the Dungeon)
Wands
 h - a wand of flame (20)
   (You took it off Ijyb on level 3 of the Dungeon)
Scrolls
 a - 2 scrolls of vulnerability {!r!r}
 m - a scroll of teleportation {@r4}
 q - a scroll of torment {!r}
 r - a scroll of brand weapon
 t - 3 scrolls of enchant weapon
 v - 7 scrolls of blinking {!r}
 w - 3 scrolls of fear
 y - 3 scrolls of magic mapping {!r}
 z - 2 scrolls of identify {@r1}
 F - a scroll of immolation {!r!r}
 H - a scroll of holy word
 K - 3 scrolls of fog
Potions
 f - 6 potions of curing {@q1}
 g - a potion of brilliance {unknown}
 j - 2 potions of heal wounds {@q2}
 l - 3 potions of berserk rage {!q}
 o - 2 potions of flight {unknown}
 u - 2 potions of haste {unknown}
 x - a potion of degeneration {unknown}
 G - 3 potions of might {unknown}
 M - a potion of ambrosia {unknown}
Miscellaneous
 J - a tin of tremorstones (1/2)
   (You found it on level 2 of the Abyss)

Dungeon Overview and Level Annotations

Branches:
Dungeon (13/15)            Temple (0/1) D:5            Lair (3/6) D:9
    Orc (2/2) D:10
  Swamp: Lair:2-4    Shoals: Lair:2-4     Snake: Lair:2-4    Spider: Lair:2-4
    Elf: Orc:2       Vaults: D:13-14

Altars:
Elyvilon
Fedhas
Hepliaklqana
Nemelex Xobeh
Qazlal
Wu Jian
Xom
Zin

Shops:
D:3 (??*:   Orc:1 ?

Annotations:
D:11 3 runed translucent doors, Ranzir's ghost, journeyman MiBe; spiderkeys's ghost, journeyman OpAK
Abyss:1 Josephine

##........####........
#........[.##.........
##..........##........
###......(..#........
##.................
#........(#.....##.
##.##.#........##
#####...34(...#
#....o@)..## #
#........(### ##.
##.........[.##
#...#...)).)[[[...###
#..#......[.<......##
#........##.[.......##
#.......####.........##
#.......####..........#
#.........#..........##


You could see a sun demon (summoned, extremely poisoned), a rust devil
(summoned) and an orc sorcerer.


Message History

The orcs go into a battle-frenzy!
You barely miss the orc. You grab the orc. You squeeze the orc.
You kill the orc!
Lugonu accepts your kill.
You sock the orc knight!
The orc knight looks as sick as possible!
You grab the orc knight.
You constrict the orc knight, but do no damage.
The orc knight hits you with a +0 long sword!! 😮 HP[-27]
You take 27 damage, and now have 56/83 hp.
MASSIVE DAMAGE!! (PAUSE)
You hit the orc knight.
The orc knight looks as sick as possible!
You constrict the orc knight.
You kill the orc knight!
Lugonu accepts your kill. The orc misses you.
You hit the orc.
The orc is poisoned.
You grab the orc. You squeeze the orc.
You kill the orc!
Lugonu accepts your kill. 😮 HP[+1]
An orc sorcerer is nearby!
An orc sorcerer is nearby! 😮 HP[+2]
You regained 2 hp, and now have 59/83 hp.
An orc sorcerer is nearby!
You fly upwards.
There is a stone staircase leading down, spattered with blood here.
You start resting. 😎 HP[+24]
Your hp is fully restored (83).
You fly downwards.
There is a stone staircase leading up, spattered with blood here.
Things that are here:
a +0 leather armour; a +0 war axe You sock the orc warrior!
The orc warrior is poisoned.
You grab the orc warrior. You constrict the orc warrior.
The orc sorcerer gestures wildly while chanting.
You block the orc warrior's attack.
You hit the orc warrior but do no damage.
You constrict the orc warrior, but do no damage.
The orc warrior hits you with a +0 mace! 😕 HP[-9]
You take 9 damage, and now have 74/83 hp.
You hit the orc warrior but do no damage.
The orc warrior looks as sick as possible!
Your squeeze misses the orc warrior.
You constrict the orc warrior, but do no damage.
The orc warrior closely misses you. 😕 HP[+1]
You hit the orc warrior but do no damage.
The orc warrior looks as sick as possible!
You constrict the orc warrior.
You kill the orc warrior!
Lugonu accepts your kill.
You hit the sun demon.
The sun demon is poisoned.
Your grab misses the sun demon.
You squeeze the sun demon, but do no damage.
The sun demon misses you.
You hit the sun demon.
The sun demon looks as sick as possible!
You grab the sun demon. You squeeze the sun demon!
You constrict the sun demon, but do no damage.
You block the sun demon's attack.
The orc sorcerer gestures wildly while chanting. 😕 HP[+1]
You hit the sun demon.
You constrict the sun demon, but do no damage.
The sun demon barely misses you.
The orc sorcerer hits you with a +0 dagger!
The sun demon closely misses you. 😕 HP[-8]
You take 8 damage, and now have 68/83 hp.
You sock the sun demon!
The sun demon looks as sick as possible!
You constrict the sun demon. You block the orc sorcerer's attack.
The sun demon hits you!!
You are engulfed in flames!
* * * LOW HITPOINT WARNING * * *
The rust devil hits you!
* * * LOW HITPOINT WARNING * * *
The rust devil corrodes you! 😱 HP[-51]
You take 51 damage, and now have 17/83 hp.
MASSIVE DAMAGE!! (PAUSE)
You barely miss the orc sorcerer. You grab the orc sorcerer.
You constrict the orc sorcerer. You constrict the sun demon.
The orc sorcerer barely misses you. You block the sun demon's attack.
You block the rust devil's attack.
You barely miss the orc sorcerer.
You constrict the orc sorcerer, but do no damage.
You constrict the sun demon.
The orc sorcerer points at you and mumbles some strange words.
You suddenly lose the ability to move!
You lose your grip on the orc sorcerer.
You lose your grip on the sun demon.
The sun demon hits you.
* * * LOW HITPOINT WARNING * * *
You are engulfed in flames!
* * * LOW HITPOINT WARNING * * *
The rust devil hits you!
You die...

Skill      XL: |  1  2  3  4  5  6  7  8  9 10 11 12 13 |
---------------+----------------------------------------+-----
Maces & Flails | 1 2 3 4 5 6 7 8 9 10 | 10.2
Dodging        | 3 4 5 6 7 9 10 | 10.5
Invocations    | 3 4 5 7 8 9 10 11 | 11.3
Fighting       | 4 5 6 7 8 9 10 | 10.7
Shields        | 2 3 5 6 7 9 |  9.8
Polearms       | |  2.0

Action                   |  1- 3 |  4- 6 |  7- 9 | 10-12 | 13-15 || total
-------------------------+-------+-------+-------+-------+-------++-------
Melee: Mace              |    52 |    50 |   146 |   517 |   212 ||   977
       Tentacles         |     6 |     7 |    34 |   152 |    51 ||   250
       Constrict         |     6 |     9 |    32 |    79 |    55 ||   181
Throw: Dart              |       |       |     4 |    17 |    23 ||    44
Invok: Depart the Abyss  |     1 |       |       |       |       ||     1
       Bend Space        |       |       |     2 |    13 |     6 ||    21
       Banish            |       |       |       |     7 |       ||     7
Evoke: Wand              |       |       |     4 |    17 |     4 ||    25
       Tin of tremorston |       |       |       |     2 |       ||     2
  Use: Scroll            |     5 |     7 |       |     8 |       ||    20
       Potion            |       |       |       |     5 |     1 ||     6
 Stab: Sleeping          |     3 |     2 |    10 |     5 |     2 ||    22
       Distracted        |       |       |     1 |     1 |     1 ||     3
Armor: Skin              |     7 |     2 |     6 |    12 |     3 ||    30
Dodge: Dodged            |    32 |    44 |   109 |   403 |   158 ||   746
Block: Kite shield       |       |     5 |    70 |   338 |   135 ||   548

Levels and vault maps discovered:
D:1:      denvon_arrival_waterhouse, layout_basic
D:2:      layout_basic
D:3:      layout_loops_ring, shapermc_ecumenical_altar_hornbeckon, serial_shops,
          shop, nicolae_shop_stone, nicolae_diamond_shop, shop,
          nicolae_shop_waterfront, kennysheep_generic_room_11, uniq_ijyb
D:4:      layout_loops_corners, nrook_mini_backslash, corner_web_ring,
          lightli_minifort
D:5:      layout_basic, overflow_temple_1_default,
          nemelex_xobeh_ov_fountains_minmay, minmay_temple_entry_arrows,
          st_stairs_7, uniq_menkaure
D:6:      minmay_polygon_palace, layout_rooms, zin_scriptorium
D:7:      layout_rooms, mainiacjoe_overflow_six_doors_small, fedhas_altar_4
D:8:      layout_loops_corners, uniq_joseph
D:9:      layout_basic, elyvilon_altar_4, erik_lair_dragon, serial_glass,
          glass_columns_c, glass_columns_a, uniq_psyche
D:10:     layout_cave_pools, nzn_wu_jian_contemplation, uniq_erolcha, uniq_grum,
          uniq_nergalle
D:11:     layout_rooms, gammafunk_ghost_cemetery,
          nicolae_qazlal_eye_of_the_storm, uniq_josephine
D:12:     layout_irregular_city, nrook_pool_corridor, uniq_sonja
D:13:     layout_gridville, serial_park_tiny_1
Lair:1:   layout_regular_city
Lair:2:   layout_concentric_octagons, beast_lair_carwin_10
Lair:3:   layout_loops_ring, grunt_megastairs_2, serial_bayou_shore_b,
          lemuel_fruit_fields
Orc:1:    layout_caves, serial_shops, shop_scrolls, lightli_orcish_oven
Orc:2:    st_orc_pillars, layout_diamond_mine

Notes
Turn   | Place    | Note
-------+----------+-------------------------------------------
     0 | Abyss:1  | spiderkeys the Octopode Abyssal Knight began the quest for
                  | the Orb.
     0 | Abyss:1  | Reached XP level 1. HP: 16/16 MP: 2/2
     0 | Abyss:1  | magus.rc [v1.9.10]
    14 | Abyss:1  | Found a corrupted altar of Lugonu.
    24 | Abyss:2  | Identified the +7 mace of Rekuizil {venom, rElec rN+ Dex-2}
    49 | Abyss:2  | Noticed a blink frog
    63 | Abyss:2  | Noticed a wretched star
    70 | Abyss:2  | Noticed a wretched star
    70 | Abyss:2  | Noticed a large abomination
    71 | D:1      | You pass through the gate.
    71 | D:1      | Escaped the Abyss
    92 | D:1      | Reached * piety under Lugonu
   214 | D:1      | Reached XP level 2. HP: 21/21 MP: 3/3
   760 | D:1      | Reached skill level 1 in Maces & Flails
  1048 | D:2      | Reached XP level 3. HP: 25/26 MP: 4/4
  1647 | D:3      | Found Heytzodd's Magic Scroll Shoppe.
  1662 | D:3      | Reached ** piety under Lugonu
  1666 | D:3      | Reached XP level 4. HP: 26/31 MP: 4/6
  1734 | D:3      | Noticed Ijyb
  1738 | D:3      | Killed Ijyb
  1739 | D:3      | Reached skill level 3 in Dodging
  2017 | D:3      | Found Tysta's Weapon Boutique.
  2067 | D:3      | Found Saro's Book Shoppe.
  2104 | D:3      | Found Toexkued's Assorted Antiques.
  2112 | D:3      | Bought a scroll labelled TEPTEHO KOYDIH for 22 gold pieces
  2112 | D:3      | Bought a scroll labelled JAOSCH ONUKK for 22 gold pieces
  2112 | D:3      | Bought a scroll labelled KUNUIC UWEOD for 22 gold pieces
  2172 | D:3      | Reached skill level 3 in Invocations
  2377 | D:3      | Found Qaoffenwe's Magic Scroll Shoppe.
  2485 | D:3      | Found a faded altar of an unknown god.
  2970 | D:4      | Reached skill level 2 in Maces & Flails
  3153 | D:4      | Noticed an ogre
  3159 | D:4      | Killed an ogre
  3160 | D:4      | Reached skill level 4 in Fighting
  3160 | D:4      | Reached XP level 5. HP: 37/37 MP: 7/7
  3408 | D:4      | Reached XP level 6. HP: 43/43 MP: 8/8
  3711 | D:4      | Reached skill level 3 in Maces & Flails
  3711 | D:4      | Reached skill level 4 in Dodging
  3711 | D:4      | Reached skill level 4 in Invocations
  3910 | D:5      | Entered Level 5 of the Dungeon
  3998 | D:5      | Noticed a two-headed ogre
  3998 | D:5      | Noticed Menkaure
  4003 | D:5      | Reached XP level 7. HP: 49/49 MP: 10/10
  4037 | D:5      | HP: 2/49 [two-headed ogre (24)]
  4048 | D:5      | Killed a two-headed ogre
  4049 | D:5      | Reached skill level 5 in Fighting
  4049 | D:5      | Reached skill level 4 in Maces & Flails
  4049 | D:5      | Reached skill level 5 in Dodging
  4049 | D:5      | Reached skill level 2 in Shields
  4049 | D:5      | Reached skill level 5 in Invocations
  4049 | D:5      | Reached XP level 8. HP: 5/56 MP: 11/11
  4468 | D:5      | Found a hazy altar of Hepliaklqana.
  4476 | D:5      | Found the +9 sword of Zonguldrok {reap}
  4485 | D:5      | Found a staircase to the Ecumenical Temple.
  4612 | D:5      | You pick up a book of Lightning and begin reading...
  4612 | D:5      | You add the spells Static Discharge, Lightning Bolt and
                  | Maxwell's Capacitive Coupling to your library.
  4627 | D:5      | Found a sparkling altar of Nemelex Xobeh.
  4689 | D:5      | Reached skill level 3 in Shields
  5105 | D:5      | Killed Menkaure
  5550 | D:6      | Reached skill level 6 in Fighting
  5550 | D:6      | Reached skill level 5 in Maces & Flails
  5550 | D:6      | Reached XP level 9. HP: 61/62 MP: 13/13
  5564 | D:6      | Reached skill level 6 in Invocations
  5586 | D:6      | Reached skill level 4 in Shields
  5835 | D:6      | Reached skill level 6 in Dodging
  6259 | D:6      | Found a glowing silver altar of Zin.
  6322 | D:6      | Reached *** piety under Lugonu
  6638 | D:6      | You pick up a book of Air and begin reading...
  6638 | D:6      | You add the spells Shock, Swiftness and Airstrike to your
                  | library.
  6674 | D:6      | Reached skill level 6 in Maces & Flails
  6674 | D:6      | Reached skill level 5 in Shields
  6675 | D:6      | Reached skill level 7 in Invocations
  6746 | D:6      | Noticed a troll
  6758 | D:6      | Killed a troll
  6759 | D:6      | Reached skill level 7 in Fighting
  6759 | D:6      | Reached XP level 10. HP: 30/71 MP: 13/15
  6956 | D:6      | You pick up a book of Frost and begin reading...
  6956 | D:6      | You add the spells Freeze, Frozen Ramparts and Hailstorm to
                  | your library.
  7312 | D:7      | Found a shimmering altar of Xom.
  7370 | D:7      | Reached skill level 7 in Dodging
  7641 | D:7      | Found a blossoming altar of Fedhas.
  7739 | D:8      | Noticed Joseph
  7842 | D:8      | Killed Joseph
  8099 | D:8      | Noticed a two-headed ogre
  8116 | D:8      | Killed a two-headed ogre
  8121 | D:8      | Reached skill level 6 in Shields
  8947 | D:8      | Banished a very large slime creature
  8948 | D:8      | Reached skill level 7 in Maces & Flails
  8948 | D:8      | Reached skill level 8 in Invocations
  9493 | D:9      | Noticed Psyche
  9500 | D:9      | Killed Psyche
  9501 | D:9      | Reached skill level 8 in Fighting
  9803 | D:9      | Found a white marble altar of Elyvilon.
  9951 | D:9      | Reached XP level 11. HP: 59/77 MP: 17/17
 10353 | D:9      | Reached skill level 8 in Dodging
 10753 | D:9      | Found a staircase to the Lair.
 10887 | D:10     | Entered Level 10 of the Dungeon
 10923 | D:10     | Noticed Grum
 10932 | D:10     | Killed Grum
 10934 | D:10     | Reached **** piety under Lugonu
 10953 | D:10     | Found a staircase to the Orcish Mines.
 11124 | D:10     | Noticed Nergalle
 11133 | D:10     | Killed Nergalle
 11134 | D:10     | Reached skill level 7 in Shields
 11301 | D:10     | Noticed Erolcha
 11324 | D:10     | Found an ornate altar of the Wu Jian Council.
 11357 | D:10     | Reached skill level 8 in Maces & Flails
 11357 | D:10     | Reached skill level 9 in Invocations
 11696 | D:10     | Identified the +1 leather armour of the Maze {Harm rElec
                  | rC+ Str-5 Slay+2}
 12218 | D:10     | Killed Erolcha
 12433 | D:11     | Noticed Josephine
 12729 | D:10     | Banished Josephine
 12730 | D:10     | Reached skill level 9 in Fighting
 12735 | D:10     | HP: 18/80 [wraith[Josephine] (6)]
 12739 | D:10     | HP: 2/80 [wraith[Josephine] (13)]
 13307 | D:11     | Noticed a purple ugly thing
 13319 | D:11     | Killed a purple ugly thing
 13422 | D:11     | Found a runed translucent gate.
 13422 | D:11     | Noticed Ranzir's ghost (journeyman MiBe)
 13422 | D:11     | Noticed spiderkeys's ghost (journeyman OpAK)
 13423 | D:11     | Found a runed translucent gate.
 13423 | D:11     | Found a runed translucent gate.
 13453 | D:11     | Reached skill level 9 in Dodging
 13547 | D:11     | You pick up a book of Minor Magic and begin reading...
 13547 | D:11     | You add the spells Magic Dart, Call Imp and Mephitic Cloud
                  | to your library.
 13708 | D:11     | Found a stormy altar of Qazlal.
 13729 | D:11     | Reached XP level 12. HP: 53/85 MP: 19/19
 13919 | D:12     | Noticed Sonja
 13925 | D:12     | You are cast into the Abyss!
 13925 | D:12     | Cast into level 2 of the Abyss (Sonja)
 14043 | Abyss:2  | Reached skill level 8 in Shields
 14047 | Abyss:2  | Noticed a tentacled starspawn
 14054 | D:12     | You pass through the gate.
 14054 | D:12     | Escaped the Abyss
 14078 | D:12     | Killed Sonja
 14261 | D:12     | Gained mutation: You are frail. (-10% HP) [a neqoxec]
 14263 | D:12     | Gained mutation: Your spells are a little easier to cast,
                  | but a little less powerful. [a neqoxec]
 14277 | D:12     | HP: 14/77 [something (10)]
 14277 | D:12     | HP: 4/77 [something (10)]
 14681 | D:12     | HP: 18/77 [something (9)]
 14719 | D:12     | Reached skill level 9 in Maces & Flails
 15048 | D:12     | Reached skill level 10 in Invocations
 15290 | D:12     | Noticed a boulder beetle
 15298 | D:12     | Banished a boulder beetle
 15738 | D:13     | Noticed a centaur warrior
 15745 | D:13     | Killed a centaur warrior
 16062 | Lair:1   | Entered Level 1 of the Lair of Beasts
 16552 | Lair:1   | HP: 9/78 [yak (15)]
 16880 | Lair:1   | Reached skill level 10 in Fighting
 16959 | Lair:1   | Noticed a four-headed hydra
 16970 | Lair:1   | Banished a four-headed hydra
 16971 | Lair:1   | Reached skill level 9 in Shields
 17336 | Lair:1   | Reached skill level 10 in Dodging
 17458 | Lair:1   | Noticed an eight-headed hydra
 17459 | Lair:1   | Banished an eight-headed hydra
 17822 | Lair:2   | Noticed a four-headed hydra
 17839 | Lair:2   | Banished a four-headed hydra
 17840 | Lair:2   | Reached XP level 13. HP: 66/82 MP: 16/21
 18817 | Lair:3   | You pick up a book of Winter and begin reading...
 18817 | Lair:3   | You add the spells Ozocubu's Armour, Metabolic Englaciation
                  | and Simulacrum to your library.
 18852 | Lair:3   | You pick up a book of Geomancy and begin reading...
 18852 | Lair:3   | You add the spells Sandblast, Passwall and Stone Arrow to
                  | your library.
 18998 | Orc:1    | Entered Level 1 of the Orcish Mines
 18998 | Orc:1    | Noticed an orc warlord
 19013 | D:10     | Reached skill level 10 in Maces & Flails
 19201 | D:10     | Reached skill level 11 in Invocations
 19556 | D:10     | Killed an orc warlord
 19959 | Orc:2    | Entered Level 2 of the Orcish Mines
 19994 | Orc:1    | Paralysed by an orc sorcerer for 5 turns
 20004 | Orc:2    | HP: 16/81 [something/puff of flame (7)]
 20005 | Orc:2    | HP: 7/83 [something/puff of flame (7)]
 20455 | Orc:1    | Reached ***** piety under Lugonu
 21269 | Orc:1    | Found Zitufybron's Magic Scroll Shoppe.
 21277 | Orc:1    | Bought a scroll of blinking for 97 gold pieces
 21692 | Orc:2    | HP: 17/83 [rust devil[an orc knight] (11)]
 21694 | Orc:2    | Paralysed by an orc sorcerer for 2 turns
 21694 | Orc:2    | HP: 1/83 [sun demon[an orc knight] (13)]
 21694 | Orc:2    | Mangled by a rust devil

Vanquished Creatures
  An orc warlord (D:10)
  Erolcha (D:10)
  A centaur warrior (D:13)
  2 two-headed ogres
  An orc high priest (Orc:1)
  Sonja (D:12)
  Nergalle (D:10)
  An orc knight (Orc:2)
  An orc sorcerer (Orc:2)
  2 ugly things
  Joseph (D:8)
  2 cane toads
  Psyche (D:9)
  An unseen horror (D:12)
  2 kobold demonologists (D:12)
  3 komodo dragons
  5 trolls
  8 blink frogs (Lair:1)
  2 dream sheep
  A meliai zombie (D:11)
  A shadow (D:10)
  A water elemental (D:12)
  7 wraiths
  8 yaks
  3 wyverns
  A basilisk (D:9)
  A steam dragon (D:10)
  Grum (D:10)
  Menkaure (D:5)
  3 wargs
  3 acid dragons
  3 water moccasins
  3 ice beasts
  3 sky beasts
  A small abomination (Abyss:2)
  16 orc warriors
  2 black bears (D:6)
  2 hornet zombies
  6 ogres
  A necrophage (D:6)
  9 wolves
  4 centaurs
  3 kobold brigands
  9 bullfrogs
  A wyvern zombie (D:6)
  4 gnoll sergeants
  A scorpion (D:6)
  2 water moccasin skeletons
  4 killer bees (D:11)
  7 wights
  4 howler monkeys
  6 centaur zombies
  A bullfrog zombie (D:6)
  2 bullfrog skeletons (D:5)
  2 jellies (D:6)
  3 hounds
  7 orc priests
  Ijyb (D:3)
  An iguana (D:6)
  14 orc wizards
  3 howler monkey zombies
  23 gnolls
  6 adders
  2 howler monkey skeletons
  A shadow imp (D:3)
  2 white imps (D:6)
  7 ufetubi
  A worm (D:4)
  2 dart slugs (D:1)
  54 orcs
  6 ball pythons
  3 endoplasms
  2 giant cockroaches
  10 goblins
  3 hobgoblins
  3 quokkas
  3 bats
  3 frilled lizards
  5 kobolds
  9 rats
338 creatures vanquished.

Vanquished Creatures (collateral kills)
  2 wraiths (D:12)
  A kobold (D:12)
3 creatures vanquished.

Vanquished Creatures (others)
  A quokka (D:9)
  9 fungi
  9 plants
  6 withered plants (D:11)
25 creatures vanquished.

Grand Total: 366 creatures vanquished

Table legend:
 A = Non-vault XP
 B = Vault XP
 C = Vault XP percentage of total XP
 D = Non-vault monster count
 E = Vault monster count
 F = Vault count percentage of total count
                 A         B        C        D         E       F
            +---------+---------+-------+---------+---------+-------
      Total |   32440 |    9363 |  22.4 |     291 |      56 |  16.1
            +---------+---------+-------+---------+---------+-------
        D:1 |      31 |       0 |   0.0 |      18 |       0 |   0.0
        D:2 |      34 |       0 |   0.0 |      14 |       0 |   0.0
        D:3 |      46 |      36 |  43.9 |      14 |       1 |   6.7
        D:4 |     244 |     142 |  36.8 |       4 |       5 |  55.6
        D:5 |    1572 |     174 |  10.0 |      18 |       2 |  10.0
        D:6 |    1240 |    1145 |  48.0 |      16 |      17 |  51.5
        D:7 |     843 |       0 |   0.0 |      17 |       0 |   0.0
        D:8 |    1912 |     565 |  22.8 |       8 |       2 |  20.0
        D:9 |    1244 |    1467 |  54.1 |      28 |       5 |  15.2
       D:10 |    3867 |    4108 |  51.5 |      35 |      10 |  22.2
       D:11 |    2028 |     214 |   9.5 |      17 |       1 |   5.6
       D:12 |    4177 |     814 |  16.3 |      19 |       1 |   5.0
       D:13 |     946 |       0 |   0.0 |       1 |       0 |   0.0
     Lair:1 |    6563 |       0 |   0.0 |      21 |       0 |   0.0
     Lair:2 |    1931 |     683 |  26.1 |       8 |       7 |  46.7
     Lair:3 |     978 |       0 |   0.0 |       4 |       0 |   0.0
      Orc:1 |    1863 |      15 |   0.8 |      23 |       5 |  17.9
      Orc:2 |    2769 |       0 |   0.0 |      23 |       0 |   0.0
    Abyss:2 |     152 |       0 |   0.0 |       3 |       0 |   0.0
            +---------+---------+-------+---------+---------+-------

Illustrated notes

Table legend:
 A = Kills in this place as a percentage of kills in entire the game.
 B = Kills by you in this place as a percentage of kills by you in the entire game.
 C = Kills by friends in this place as a percentage of kills by friends in the entire game.
 D = Other kills in this place as a percentage of other kills in the entire game.
 E = Experience gained in this place as a percentage of experience gained in the entire game.
 F = Experience gained in this place divided by the number of levels of this place that you have seen.
                   A       B       C       D       E      F
               +-------+-------+-------+-------+-------+----------------------
         Total | 100.0 | 100.0 | 100.0 | 100.0 | 100.0 | 1990.6
       Dungeon |  72.9 |  73.1 | 100.0 |  50.0 |  64.2 | 2065.3
          Lair |  11.5 |  10.9 |   0.0 |  50.0 |  24.3 | 3385.0
  Orcish Mines |  14.7 |  15.1 |   0.0 |   0.0 |  11.1 | 2323.5
         Abyss |   0.9 |   0.9 |   0.0 |   0.0 |   0.4 |  50.7
               +-------+-------+-------+-------+-------+----------------------

Table legend: (Time is in decaauts)
 A = Elapsed time spent in this place.
 B = Non-inter-level travel time spent in this place.
 C = Inter-level travel time spent in this place.
 D = Time resting spent in this place.
 E = Time spent auto-exploring this place.
 F = Levels seen in this place.
 G = Mean time per level.
                   A        B        C        D        E       F      G
               +--------+--------+--------+--------+--------+-----+--------+
         Total |  21928 |  21290 |    638 |   3915 |  13827 |  21 | 1044.2 |
       Dungeon |  16846 |  16391 |    455 |   2747 |  11002 |  13 | 1295.8 |
          Lair |   2872 |   2725 |    147 |    253 |   2147 |   3 |  957.3 |
  Orcish Mines |   2009 |   1974 |     35 |    915 |    673 |   2 | 1004.5 |
         Abyss |    200 |    200 |      0 |      0 |      5 |   3 |   66.7 |
               +--------+--------+--------+--------+--------+-----+--------+

Top non-repeatable levels by time:
    D:10: 2684 daAuts
     D:9: 1945 daAuts
  Lair:1: 1711 daAuts
    D:12: 1711 daAuts
     D:5: 1575 daAuts
     D:6: 1548 daAuts
     D:8: 1488 daAuts
     D:4: 1344 daAuts
    D:11: 1202 daAuts
   Orc:1: 1119 daAuts
  Lair:2: 1079 daAuts
     D:1: 931 daAuts
     D:3: 931 daAuts
   Orc:2: 889 daAuts
     D:7: 812 daAuts
